 Dungeon Crawl Stone Soup version 0.19.5 (webtiles) character file.

8503 Inarius the Basher (level 11, -4/97 HPs)
             Began as a Minotaur Fighter on May 13, 2017.
             Was a Believer of Qazlal.
             Killed from afar by Psyche (13 damage)
             ... with a wand of lightning
             ... on level 9 of the Dungeon on May 14, 2017.
             The game lasted 00:26:46 (9444 turns).

Inarius the Basher (Minotaur Fighter)               Turns: 9444, Time: 00:26:47

Health: -4/97      AC: 18    Str: 21 (22) XL:     11   Next: 10%
Magic:  10/10      EV:  8    Int:  5      God:    Qazlal [**....]
Gold:   429        SH: 18    Dex:  9 (10) Spells: 0 memorised, 10 levels left

rFire  x . .     SeeInvis .     s - +3 flail "Beetlebane" {flame, -Tele +Rage rN+++ Dex-2}
rCold  + + .     Gourm    .     j - +0 plate armour
rNeg   + + +     Faith    .     c - +0 shield
rPois  +         Spirit   .     (helmet restricted)
rElec  .         Reflect  .     q - +0 cloak
rCorr  .         Harm     .     h - +2 pair of gloves
MR     .....     Rnd*Rage +     (no boots)
Stlth  .......... NoTele   +    (no amulet)
                                y - ring of ice
                                i - ring of poison resistance

@: no status effects
A: retaliatory headbutt, horns 2, repulsion field 1, large bone plates 1,
berserk 1, cold resistance 1, deterioration 1, wild magic 1
a: Upheaval, Renounce Religion, Evoke Berserk Rage


You were on level 9 of the Dungeon.
You worshipped Qazlal.
Qazlal was pleased with you.
You were not hungry.

You visited 2 branches of the dungeon, and saw 10 of its levels.
You also visited: Ossuary.

You collected 429 gold pieces.

Inventory:

Hand Weapons
 g - the +1 mace "Omicvu" {elec, MR++ Int-4}
   (You found it on level 4 of the Dungeon)

   Occasionally, upon striking a foe, it will discharge some electrical energy
   and cause terrible harm.
   It affects your intelligence (-4).
   It affects your resistance to hostile enchantments.
 s - the +3 flail "Beetlebane" (weapon) {flame, -Tele +Rage rN+++ Dex-2}
   (You found it on level 5 of the Dungeon)

   It has been specially enchanted to burn those struck by it, causing extra
   injury to most foes and up to half again as much damage against particularly
   susceptible opponents.
   It affects your dexterity (-2).
   It renders you almost immune to negative energy.
   It lets you go berserk.
   It prevents most forms of teleportation.
Armour
 c - a +0 shield (worn)
 h - a +2 pair of gloves (worn)
 j - a +0 plate armour (worn)
 q - a +0 cloak (worn)
Jewellery
 i - a ring of poison resistance (left hand)
 y - a ring of ice (right hand)
Wands
 A - a wand of random effects (36/48)
 F - a wand of random effects (30/48)
Scrolls
 a - 3 scrolls of remove curse
 b - a scroll of blinking
 d - 2 scrolls of magic mapping
 m - 2 scrolls of enchant weapon
 o - a scroll of torment {unknown}
 u - 3 scrolls of noise {unknown}
 w - 2 scrolls of fog {unknown}
 z - a scroll of fear
 C - 2 scrolls of amnesia {unknown}
 E - a scroll of enchant armour {unknown}
 G - a scroll of holy word {unknown}
Potions
 e - a potion of flight
 k - 2 potions of brilliance
 l - 3 potions of haste
 p - 2 potions of curing
 v - a potion of ambrosia
 x - 3 potions of heal wounds
 B - 3 potions of lignification {unknown}
 D - a potion of invisibility
Comestibles
 f - 4 bread rations
 n - 7 slices of pizza
 r - 5 meat rations
 t - 2 chunks of flesh
 H - 12 fruits


   Skills:
 + Level 9.1 Fighting
   Level 6.6(9.9) Axes
 + Level 11.2(11.9) Maces & Flails
   Level 1.7(4.5) Polearms
 + Level 9.1 Armour
 + Level 1.9 Dodging
 + Level 11.0 Shields


You had 10 spell levels left.
You didn't know any spells.

Dungeon Overview and Level Annotations

Branches:
Dungeon (9/15)             Temple (1/1) D:6
   Lair: D:8-11         Orc: D:9-12

Altars:
Ashenzari
Cheibriados
Dithmenos
Elyvilon
Fedhas
Gozag
Hepliaklqana
Kikubaaqudgha
Makhleb
Nemelex Xobeh
Okawaru
Qazlal
Ru
Sif Muna
Trog
Uskayaw
Vehumet
Xom
Yredelemnul
Zin
The Shining One

Annotations:
D:9 Psyche


Innate Abilities, Weirdness & Mutations

You reflexively headbutt those who attack you in melee.
You have a pair of horns on your head.
You are surrounded by a mild repulsion field. (EV +2)
You are partially covered in large bone plates. (SH +4)
You tend to lose your temper in combat.
Your flesh is cold resistant. (rC+)
Your body sometimes deteriorates upon taking damage.
Your spells are a little harder to cast, but a little more powerful.


Message History

Things that are here:
a flail; an orc corpse You hit the orc.
You burn the orc.
You kill the orc!
Qazlal accepts your kill.
Psyche points at you and mumbles some strange words.
The magic dart hits you!
An adder comes into view.
The sky beast flickers out of sight!
Deactivating autopickup; reactivate with Ctrl-A.
Psyche hits you but does no damage.
You are electrocuted!
Unknown command.
Your plate armour prevents you from hitting Psyche.
Psyche casts a spell at you. The puff of flame hits you!
The fire burns you terribly!
Psyche zaps a wand.
The bolt of lightning hits you!
* * * LOW HITPOINT WARNING * * *
Your body deteriorates!
You feel clumsy. The bolt of lightning hits you!
You die...

#. ..# .#
#.# #..##.#
.
#..##..#..#
.. .........
...##.......
....o..#..#
......§#o.#
#..@@()#
.###.))<#
S.......)#
#.##.#<.†#
.......#
#.##.###.# #
#. #.# . #.#
## #.#


You could see Psyche, an orc priest and an orc.

Vanquished Creatures
  A hydra (D:8)
  Erica (D:8)
  The ghost of execc the Basher, a novice NaBe of Trog (D:8)
  Joseph (D:7)
  2 dream sheep (D:8)
  A hippogriff (D:7)
  Sigmund (D:3)
  A wraith (Ossuary)
  Grum (D:8)
  Eustachio (D:5)
  2 yaks (D:8)
  A water moccasin (D:7)
  3 orc warriors
  A black bear (D:7)
  3 ice beasts
  A phantom (D:4)
  4 sky beasts
  3 necrophages
  4 wolves (D:8)
  A hornet zombie (D:7)
  4 centaurs
  2 ogres
  4 big kobolds
  2 bullfrogs (D:7)
  A gnoll sergeant (D:8)
  4 killer bees (D:7)
  2 electric eels (D:8)
  5 wights (D:8)
  2 howler monkeys
  6 crimson imps
  11 hounds
  Crazy Yiuf (D:4)
  A centaur skeleton (D:5)
  An orc priest (D:8)
  A jelly (D:5)
  8 orc wizards
  3 iguanas
  8 worker ants
  A hound skeleton (D:4)
  A mummy (Ossuary)
  2 worker ant zombies
  Robin (D:4)
  A howler monkey skeleton (D:7)
  9 gnolls
  9 adders
  5 leopard geckos
  29 orcs
  2 bats
  6 giant cockroaches
  16 goblins
  8 hobgoblins
  9 jackals
  4 quokkas
  A ball python (D:1)
  5 frilled lizards
  9 gnoll skeletons (Ossuary)
  3 jackal skeletons
  A jackal zombie (D:8)
  11 kobolds
  3 kobold skeletons (Ossuary)
  13 orc skeletons (Ossuary)
  A quokka skeleton (D:6)
  A bush (D:6)
251 creatures vanquished.

Vanquished Creatures (others)
  An orc (D:9)
  3 plants (D:8)
4 creatures vanquished.

Grand Total: 255 creatures vanquished

Notes
Turn   | Place    | Note
-------+----------+-------------------------------------------
     0 | D:1      | Inarius the Minotaur Fighter began the quest for the Orb.
     0 | D:1      | Reached XP level 1. HP: 19/19 MP: 0/0
    96 | D:1      | Reached XP level 2. HP: 27/27 MP: 1/1
   909 | D:2      | Reached XP level 3. HP: 31/33 MP: 2/2
  1702 | D:3      | Found a stormy altar of Qazlal.
  1752 | D:3      | Reached XP level 4. HP: 40/40 MP: 3/3
  1957 | D:3      | Noticed Sigmund
  1970 | D:3      | Killed Sigmund
  1970 | D:3      | Reached skill level 5 in Axes
  1970 | D:3      | Reached XP level 5. HP: 19/47 MP: 4/4
  2159 | D:3      | Found a blossoming altar of Fedhas.
  2207 | D:3      | Reached skill level 5 in Armour
  2207 | D:3      | Reached XP level 6. HP: 49/53 MP: 5/5
  2555 | D:4      | Noticed an ice beast
  2573 | D:4      | Killed an ice beast
  2573 | D:4      | Reached skill level 1 in Dodging
  2716 | D:4      | Reached skill level 5 in Shields
  2845 | D:4      | Reached skill level 5 in Fighting
  2857 | D:4      | Reached XP level 7. HP: 31/61 MP: 6/6
  3046 | D:4      | Found a radiant altar of Vehumet.
  3117 | D:4      | Noticed Robin
  3129 | D:4      | Killed Robin
  3662 | D:4      | Reached skill level 1 in Polearms
  4121 | D:4      | Found a runed door.
  4124 | D:4      | Got a warped mace
  4126 | D:4      | Noticed Crazy Yiuf
  4131 | D:4      | Killed Crazy Yiuf
  4142 | D:4      | Identified the cursed +1 mace "Omicvu" {elec, MR++ Int-4} (You found it on level 4 of the Dungeon)
  4440 | D:5      | Entered Level 5 of the Dungeon
  4464 | D:4      | Reached XP level 8. HP: 59/70 MP: 7/7
  4477 | D:4      | Reached skill level 1 in Maces & Flails
  4726 | D:5      | Noticed Eustachio
  4734 | D:5      | Killed Eustachio
  4869 | D:5      | Got a brightly glowing flail
  5029 | D:5      | Found a burning altar of Makhleb.
  5093 | D:5      | Reached skill level 5 in Maces & Flails
  5207 | D:6      | Found a sand-covered staircase.
  5216 | Ossuary  | Entered an ossuary
  5278 | Ossuary  | Identified the cursed +3 flail "Beetlebane" {flame, -Tele +Rage rN+++ Dex-2} (You found it on level 5 of the Dungeon)
  5461 | D:6      | Reached XP level 9. HP: 72/78 MP: 8/8
  5472 | D:6      | Found a staircase to the Ecumenical Temple.
  5481 | Temple   | Entered the Ecumenical Temple
  6815 | D:3      | Became a worshipper of Qazlal Stormbringer
  6928 | D:7      | Noticed Joseph
  6942 | D:7      | Killed Joseph
  7126 | D:7      | Reached * piety under Qazlal
  7371 | D:7      | Reached XP level 10. HP: 86/86 MP: 9/9
  7377 | D:7      | Gained mutation: You possess an exceptional clarity of mind. [mutagenic meat]
  7378 | D:7      | Gained mutation: Your body sometimes deteriorates upon taking damage. [mutagenic meat]
  7636 | D:8      | Lost mutation: You possess an exceptional clarity of mind. [mutagenic meat]
  7637 | D:8      | Gained mutation: Your flesh is cold resistant. (rC+) [potion of mutation]
  7637 | D:8      | Gained mutation: Scrolls take you a little longer to read. [potion of mutation]
  7637 | D:8      | Gained mutation: Your spells are a little harder to cast, but a little more powerful. [potion of mutation]
  7638 | D:8      | Gained mutation: You are frail. (-10% HP) [potion of mutation]
  7638 | D:8      | Gained mutation: You are partially covered in large bone plates. (SH +4) [potion of mutation]
  7638 | D:8      | Lost mutation: You are frail. (-10% HP) [potion of mutation]
  7639 | D:8      | Gained mutation: You are surrounded by a mild repulsion field. (EV +2) [potion of mutation]
  7639 | D:8      | Gained mutation: You tend to lose your temper in combat. [potion of mutation]
  7829 | D:8      | Lost mutation: Scrolls take you a little longer to read. [mutagenic meat]
  7997 | D:8      | Found an opulent altar of Gozag.
  8002 | D:8      | Found a snail-covered altar of Cheibriados.
  8028 | D:8      | Noticed Erica
  8044 | D:8      | Killed Erica
  8369 | D:8      | Noticed execc's ghost (novice NaBe)
  8397 | D:8      | Killed execc's ghost
  8397 | D:8      | Reached skill level 10 in Maces & Flails
  8397 | D:8      | Reached skill level 10 in Shields
  8411 | D:8      | Found a shadowy altar of Dithmenos.
  8647 | D:8      | Noticed Grum
  8655 | D:8      | Killed Grum
  8799 | D:8      | Found a shadowy altar of Dithmenos.
  8874 | D:8      | Found a glowing golden altar of the Shining One.
  8905 | D:8      | Noticed a two-headed hydra
  8917 | D:8      | Killed a two-headed hydra
  8930 | D:8      | Reached XP level 11. HP: 97/97 MP: 10/10
  8933 | D:8      | Reached ** piety under Qazlal
  9435 | D:9      | Noticed Psyche
  9444 | D:9      | Killed from afar by Psyche

Skill      XL: |  1  2  3  4  5  6  7  8  9 10 11 |
---------------+----------------------------------+-----
Fighting       | 4 5 6 7 9 |  9.1
Armour         | 4 5 6 8 9 |  9.1
Axes           | 3 5 6 |  6.6
Shields        | 4 5 6 7 9 10 11 | 11.0
Dodging        | 1 |  1.9
Polearms       | 1 |  1.7
Maces & Flails | 6 9 11 | 11.2

Action                   |  1- 3 |  4- 6 |  7- 9 | 10-12 || total
-------------------------+-------+-------+-------+-------++-------
Melee: War axe           |    86 |    85 |    16 |       ||   187
       Headbutt          |    15 |    12 |    94 |    43 ||   164
       Spear             |       |       |   166 |       ||   166
       Mace              |       |       |   133 |       ||   133
       Flail             |       |       |   186 |   246 ||   432
  Use: Scroll            |     6 |       |     9 |     2 ||    17
       Potion            |       |     5 |     1 |     4 ||    10
  Eat: Chunk             |     3 |     3 |    12 |    13 ||    31
       Beef jerky        |       |       |     1 |       ||     1
       Pizza             |       |       |     1 |       ||     1
Armor: Scale mail        |    36 |       |       |       ||    36
       Ring mail         |       |    18 |       |       ||    18
       Plate armour      |       |    25 |   269 |    60 ||   354
Dodge: Dodged            |    28 |    18 |    94 |    41 ||   181
Block: Shield            |    48 |    47 |   294 |   138 ||   527
